 Dungeon Crawl Stone Soup version 0.30.0-10-gfe55d96785 (webtiles) character file.

Game seed: 5764102541926921614

809 cheesebisquit the Magician (level 7, 0/59 HPs)
             Began as a Purple Draconian Fire Elementalist on May 14, 2023.
             Was an Elder of Uskayaw.
             Slain by a gnoll
             ... wielding a +0 halberd
             ... led by a gnoll sergeant
              (2 damage)
             ... on level 5 of the Dungeon.
             The game lasted 00:18:18 (5113 turns).

cheesebisquit the Magician (DrFE)                   Turns: 5113, Time: 00:18:19

Health: 0/59       AC:  7    Str: 17    XL:     7   Next: 61%
Magic:  8/14       EV: 13    Int: 17    God:    Uskayaw [****..]
Gold:   182        SH:  0    Dex: 11    Spells: 6/16 levels left

rFire   . . .        w - +2 hand axe (freeze)
rCold   + . .        (no shield)
rNeg    . . .        (body armour unavailable)
rPois   .            (helmet restricted)
rElec   .            (no cloak)
rCorr   .            (no gloves)
SInv    .            i - +0 pair of boots
Will    +....        (no amulet)
Stlth   ++           b - +6 ring of strength
HPRegen 0.29/turn    n - ring of protection from cold
MPRegen 0.14/turn

%: no passive effects
@: no status effects
A: breathe power, AC +6, unfitting armour, cold-blooded
a: Breathe Dispelling Energy, Renounce Religion, Stomp, Line Pass


You were on level 5 of the Dungeon.
You worshipped Uskayaw.
Uskayaw was noncommittal.
You visited 2 branches of the dungeon, and saw 6 of its levels.

You collected 182 gold pieces.

Inventory:

Hand Weapons
 c - a +0 club
 k - a +1 sling of draining
 w - a +2 hand axe of freezing (weapon)
Missiles
 h - 3 boomerangs
 v - 2 poisoned darts
Armour
 i - a +0 pair of boots (worn)
Jewellery
 b - a +6 ring of strength (left hand)
 n - a ring of protection from cold (right hand)
Scrolls
 d - a scroll of fog {unknown}
 e - a scroll of immolation
 g - a scroll of summoning {unknown}
 p - a scroll of teleportation
 q - a scroll of vulnerability
 s - a scroll of enchant armour {unknown}
Potions
 a - a potion of magic
 f - a potion of haste
 j - 2 potions of curing
 m - 2 potions of attraction
 o - a potion of invisibility
 r - a potion of might {unknown}
 t - a potion of berserk rage {unknown}
 u - a potion of flight {unknown}


   Skills:
 + Level 4.2 Fighting
 + Level 4.1 Dodging
 + Level 4.3 Stealth
 + Level 5.0 Spellcasting
 - Level 1.0 Conjurations
 * Level 2.3 Hexes
 - Level 3.0 Fire Magic


You had 6 spell levels left.
You knew the following spells:

 Your Spells              Type           Power      Damage    Failure   Level
a - Foxfire               Conj/Fire      44%        2x1d6     6%          1
b - Inner Flame           Hex/Fire       13%        N/A       14%         3
c - Dazzling Flash        Conj/Hex       18%        N/A       22%         3
d - Confusing Touch       Hex            12%        N/A       16%         3

Your spell library contained the following spells:

 Spells                   Type           Power      Damage    Failure   Level
 Scorch                   Fire           28%        2d6       6%          2
 Magic Dart               Conj           28%        1d4       10%         1
 Kiss of Death            Conj/Necr      20%        2d7       12%         1
 Sting                    Tmut/Pois      16%        1d3       14%         1
 Call Imp                 Summ           8%         N/A       22%         2
 Poisonous Vapours        Pois/Air       8%         N/A       22%         2
 Volatile Blastmotes      Fire/Tloc      18%        2d11      22%         3
 Mephitic Cloud           Conj/Pois/Air  5%         N/A       36%         3
 Flame Wave               Conj/Fire      11%        2d6       52%         4
 Iskenderun's Mystic Bla  Conj/Tloc      5%         2d3       75%         4
 Dispel Undead            Necr           4%         3d7       80%         4
 Olgreb's Toxic Radiance  Pois           4%         N/A       80%         4
 Starburst                Conj/Fire      5%         6d4       100%        6


Dungeon Overview and Level Annotations

Branches:
Dungeon (5/15)             Temple (1/1) D:4

Altars:
Ashenzari
Cheibriados
Fedhas
Kikubaaqudgha
Makhleb
Nemelex Xobeh
Okawaru
Qazlal
Sif Muna
Uskayaw
The Shining One


Innate Abilities, Weirdness & Mutations

You can breathe bolts of dispelling energy.
Your rich purple scales are hard. (AC +6)
You cannot fit into any form of body armour.
You are cold-blooded and may be slowed by cold attacks.


Message History

You slash the gnoll sergeant! You freeze the gnoll sergeant.
You kill the gnoll sergeant!
Your Spellcasting skill increases to level 5!
You hit the gnoll. You freeze the gnoll. You tail-slap the gnoll.
The gnoll is severely wounded.
The gnoll closely misses you. The gnoll hits you with a +0 whip.
You hit the gnoll. You freeze the gnoll.
You kill the gnoll!
Uskayaw will force your foes to helplessly watch your dance.
Uskayaw prepares the audience for your solo!
The helpless gnoll fails to defend itself.
You slash the gnoll! You freeze the gnoll.
The gnoll is almost dead.
The gnoll is no longer paralysed. x2; The gnoll hits you with a +0 club.
* * * LOW HITPOINT WARNING * * *
The gnoll barely misses you.
You hit the gnoll. You freeze the gnoll.
You kill the gnoll!
The orc is no longer paralysed.
The gnoll hits you but does no damage.
The orc hits you from afar with a +0 trident.
* * * LOW HITPOINT WARNING * * *
The gnoll closely misses you.
Items here: ))) [ ††.
You hit the gnoll. You freeze the gnoll.
The gnoll is moderately wounded.
The orc hits you but does no damage. The gnoll hits you with a +0 halberd.
* * * LOW HITPOINT WARNING * * *
The gnoll misses you. The orc completely misses you.
Uskayaw will force your foes to share their pain.
Uskayaw links your audience in an emotional bond!
You hit the gnoll but do no damage.
You tail-slap the gnoll, but do no damage.
The gnoll is moderately wounded.
The orc hits you but does no damage. The gnoll barely misses you.
You closely miss the gnoll.
The gnoll is moderately wounded.
The orc hits you from afar with a +0 trident!
* * * LOW HITPOINT WARNING * * *
The gnoll hits you with a +0 halberd.
You die... ...# ... ... #.. ##.## .og

#g# #@# #.###### #......#
##.####.# ######
#.......######## #....#
#<.............# #.##.#
#...###........####
#.##.######...###..###.......
#.##...........##..# #.#.###.


You could see 2 gnolls and an orc (pain bonded).

Vanquished Creatures
  Sigmund (D:4)
  Menkaure (D:4)
  A scorpion (D:4)
  A gnoll sergeant (D:5)
  2 gnoll boudas (D:5)
  Jessica (D:3)
  An iguana (D:5)
  11 gnolls (D:5)
  9 adders
  2 white imps (D:5)
  A worm (D:4)
  A dart slug (D:5)
  11 orcs
  5 bats
  5 endoplasms
  3 giant cockroaches
  14 goblins
  7 hobgoblins
  5 jackals (D:4)
  4 quokkas
  6 ball pythons
  4 frilled lizards
  4 kobolds
  7 rats
107 creatures vanquished.

Vanquished Creatures (others)
  314 foxfires
314 creatures vanquished.

Grand Total: 421 creatures vanquished

Notes
Turn   | Place    | Note
-------+----------+-------------------------------------------
     0 | D:1      | cheesebisquit the Draconian Fire Elementalist began the
                  | quest for the Orb.
     0 | D:1      | Reached XP level 1. HP: 14/14 MP: 3/3
   290 | D:1      | Reached XP level 2. HP: 22/22 MP: 0/5
   557 | D:1      | Reached skill level 1 in Fighting
  1029 | D:1      | Reached XP level 3. HP: 28/28 MP: 4/6
  1623 | D:2      | Reached XP level 4. HP: 36/36 MP: 4/7
  2044 | D:3      | Noticed Jessica
  2059 | D:3      | Killed Jessica
  2251 | D:3      | Reached XP level 5. HP: 42/42 MP: 7/9
  2863 | D:4      | Reached skill level 3 in Spellcasting
  3440 | D:4      | Noticed Menkaure
  3446 | D:4      | Killed Menkaure
  3447 | D:4      | Reached XP level 6. HP: 51/51 MP: 3/11
  3542 | D:4      | Noticed Sigmund
  3551 | D:4      | Killed Sigmund
  3552 | D:4      | Your scales start taking on a rich purple colour.
  3552 | D:4      | Reached skill level 4 in Spellcasting
  3552 | D:4      | Reached XP level 7. HP: 54/58 MP: 4/13
  3564 | D:4      | Learned a level 3 spell: Inner Flame
  3568 | D:4      | Learned a level 3 spell: Dazzling Flash
  3572 | D:4      | Learned a level 3 spell: Confusing Touch
  3783 | D:4      | Found a staircase to the Ecumenical Temple.
  3792 | Temple   | Entered the Ecumenical Temple
  3966 | Temple   | Became a worshipper of Uskayaw the Reveller
  4215 | D:4      | Reached * piety under Uskayaw
  4475 | D:5      | Entered Level 5 of the Dungeon
  4481 | D:5      | Reached ** piety under Uskayaw
  4634 | D:5      | Reached skill level 1 in Hexes
  4639 | D:5      | Reached *** piety under Uskayaw
  4798 | D:5      | Reached **** piety under Uskayaw
  5106 | D:5      | Reached skill level 5 in Spellcasting
  5113 | D:5      | HP: 2/59 [orc/+0 trident (8)]
  5113 | D:5      | Slain by a gnoll

Illustrated notes

Levels and vault maps discovered:
D:1:      beargit_arrival_diablo_church, layout_basic,
          chequers_serial_rivers_micro_a, bh_walls_and_bars
D:2:      layout_loops_cross, nicolae_eternal_life
D:3:      layout_rooms, amcnicky_mini_pool_small,
          hangedman_abyss_or_decor_stabs, chequers_serial_rivers_room_a,
          nicolae_figureground_sparkle, uniq_jessica
D:4:      layout_layer_cave, minmay_temple_entry_sparse_star,
          kennysheep_opposing_triangles, uniq_menkaure, uniq_sigmund
D:5:      layout_loops_corners, kennysheep_mini_moat, uniq_duvessa
Temple:   chequers_temple_sunken

Skill      XL: |  1  2  3  4  5  6  7 |
---------------+----------------------+-----
Stealth        | 2 3 4 |  4.3
Dodging        | 2 3 4 |  4.1
Fighting       | 1 2 3 4 |  4.2
Spellcasting   | 3 4 5 |  5.0
Hexes          | 2 |  2.3
Conjurations   | |  1.0
Fire Magic     | |  3.0

Action                     |  1- 3 |  4- 6 |  7- 9 || total
---------------------------+-------+-------+-------++-------
  Melee: Club              |    15 |       |       ||    15
         Tailslap          |     1 |       |     8 ||     9
         Hand axe          |       |       |    37 ||    37
   Fire: Sling             |     6 |    48 |     4 ||    58
   Cast: Foxfire           |    61 |    67 |    46 ||   174
    Use: Scroll            |       |       |     8 ||     8
         Potion            |       |       |     2 ||     2
   Stab: Paralysed         |       |       |     3 ||     3
 Armour: Skin              |    13 |    26 |    12 ||    51
  Dodge: Dodged            |    27 |    26 |    45 ||    98
